 Dungeon Crawl Stone Soup version 0.29.1-2-gbd0b4ee654 (webtiles) character file.

Game seed: 16141675791676789244

27 Du3lingdragon the Caller (level 3, 0/26 HPs)
             Began as a Barachi Summoner on Nov 5, 2022.
             Slain by an adder (3 damage)
             ... on level 2 of the Dungeon.
             The game lasted 00:03:57 (1322 turns).

Du3lingdragon the Caller (Barachi Summoner)         Turns: 1322, Time: 00:03:58

Health: 0/26       AC:  2    Str:  9    XL:     3   Next: 10%
Magic:  4/7        EV: 12    Int: 17    God:
Gold:   86         SH:  0    Dex: 12    Spells: 5/8 levels left

rFire   . . .      SeeInvis .   e - +0 dagger
rCold   . . .      Faith    .   (no shield)
rNeg    . . .      Spirit   .   a - +0 robe
rPois   .          Reflect  .   (no helmet)
rElec   .          Harm     .   (no cloak)
rCorr   .          Rampage  .   (no gloves)
Will    .....                   (no boots)
Stlth   ++........              (no amulet)
HPRegen 0.08/turn               g - ring of flight
MPRegen 0.10/turn               (no ring)

@: lethally poisoned (0 -> -5), flying, slow
A: amphibious, slowness 1, strong legs 1, +LOS
a: Hop


You were on level 2 of the Dungeon.
You visited 1 branch of the dungeon, and saw 2 of its levels.

You collected 86 gold pieces.

Inventory:

Hand Weapons
 e - a +0 dagger (weapon)
 i - a +0 rapier
Armour
 a - a +0 robe (worn)
Jewellery
 g - a ring of flight (left hand)
Scrolls
 d - a scroll of fear {unknown}
 f - 2 scrolls of identify {unknown}
Potions
 b - a potion of magic
 c - a potion of flight
 h - a potion of cancellation {unknown}


   Skills:
 + Level 1.3 Fighting
 - Level 2.1 Dodging
 - Level 1.7 Stealth
 * Level 3.0 Spellcasting
 + Level 5.1 Summonings


You had 5 spell levels left.
You knew the following spells:

 Your Spells              Type           Power      Damage    Failure   Level
a - Summon Small Mammal   Summ           80%        N/A       2%          1
b - Call Imp              Summ           20%        N/A       3%          2

Your spell library contained the following spells:

 Spells                   Type           Power      Damage    Failure   Level
 Call Canine Familiar     Summ           20%        N/A       6%          3
 Summon Guardian Golem    Hex/Summ       11%        N/A       19%         3
 Summon Lightning Spire   Summ/Air       11%        N/A       52%         4


Dungeon Overview and Level Annotations

Branches:
Dungeon (2/15)

Altars:

Shops:
D:1 :


Innate Abilities, Weirdness & Mutations

You are amphibious.
You cover ground slowly.
You can hop short distances.
You have an extended range of vision and can be seen from far away.


Message History

Found a dagger, a sling and 11 gold pieces.
Casting: Summon Small Mammal (safe; 2% risk of failure)
Confirm with . or Enter, or press ? or * to list all spells.
The adder barely misses you.
Casting: Summon Small Mammal (safe; 2% risk of failure)
Confirm with . or Enter, or press ? or * to list all spells.
The adder barely misses you. The adder bites you.
Casting: Summon Small Mammal (safe; 2% risk of failure)
Confirm with . or Enter, or press ? or * to list all spells.
A beastly little devil appears in a puff of flame.
The adder bites you. x2; Your quokka bites the adder.
Your rat bites the adder.
You closely miss the adder.
The adder is moderately wounded.
The adder barely misses you. The adder bites you.
You are poisoned.
The adder poisons you!
Your quokka bites the adder.
The adder closely misses you. x2
Your crimson imp blinks!
Your rat bites the adder.
The adder attacks as you move away! The adder misses you.
You feel sick.
Your quokka misses the adder. The adder misses you.
Your quokka closely misses the adder.
You feel sick.
You feel sick.
You feel sick.
You are no longer poisoned.
The adder bites you. The adder closely misses you.
The adder attacks as you move away! The adder bites you.
You are poisoned.
The adder poisons you! The adder attacks as you move away! The adder bites you.
* * * LOW HITPOINT WARNING * * *
You are lethally poisoned!
The adder poisons you!
* * * LOW HITPOINT WARNING * * *
You feel very sick.
It was a potion of flight.
You feel more buoyant.
* * * LOW HITPOINT WARNING * * *
You feel sick. The adder barely misses you. The adder bites you.
You die...

### ... . #.#
.$ #.# B. #@#
####.###
#S###........
#Srr#..)..)..
###5#........
#..........
###........
........
##..#... .##
..


You could see 2 adders, a friendly crimson imp (summoned) and a friendly rat
(summoned).

Vanquished Creatures
  2 giant cockroaches (D:1)
  2 hobgoblins (D:1)
  A kobold (D:1)
  3 rats (D:1)
8 creatures vanquished.

Vanquished Creatures (collateral kills)
  A dart slug (D:1)
  4 bats (D:1)
  An endoplasm (D:1)
  2 giant cockroaches (D:1)
  2 hobgoblins (D:1)
  2 kobolds (D:1)
  A quokka (D:1)
13 creatures vanquished.

Grand Total: 21 creatures vanquished

Notes
Turn   | Place    | Note
-------+----------+-------------------------------------------
     0 | D:1      | Du3lingdragon the Barachi Summoner began the quest for the
                  | Orb.
     0 | D:1      | Reached XP level 1. HP: 13/13 MP: 3/3
   389 | D:1      | Reached XP level 2. HP: 15/20 MP: 0/5
   474 | D:1      | Learned a level 2 spell: Call Imp
   492 | D:1      | Reached skill level 5 in Summonings
   535 | D:1      | Reached skill level 1 in Fighting
   991 | D:1      | Found Uhamam's Book Shop.
  1013 | D:1      | Reached XP level 3. HP: 15/26 MP: 1/7
  1322 | D:2      | Slain by an adder

Illustrated notes

Levels and vault maps discovered:
D:1:      minmay_arrival_glassed_features, layout_rooms, serial_shops,
          nicolae_shop_behind_doors
D:2:      layout_rooms, shapermc_ecumenical_altar_mp_vishouse

Skill      XL: |  1  2 |
---------------+-------+-----
Summonings     | 5 |  5.1
Fighting       | 1 |  1.3
Spellcasting   | 3 |  3.0
Dodging        | |  2.1
Stealth        | |  1.7

Action                   || total
-------------------------++-------
Melee: Unarmed           ||    17
       Dagger            ||    50
 Cast: Summon Small Mamm ||    26
       Call Imp          ||     7
  Use: Potion            ||     1
 Stab: Distracted        ||     1
Armor: Robe              ||    26
Dodge: Dodged            ||    69
